 Dungeon Crawl Stone Soup version 0.19.4-9-g45fd643 (webtiles) character file.

830 protoss039 the Chiller (level 7, 0/36 HPs)
             Began as a Deep Elf Ice Elementalist on Feb 20, 2017.
             Was an Initiate of Sif Muna.
             Slain by Menkaure (15 damage)
             ... on level 5 of the Dungeon.
             The game lasted 00:23:21 (5342 turns).

protoss039 the Chiller (Deep Elf Ice Elementalist)  Turns: 5342, Time: 00:23:21

Health: 0/36       AC: 12    Str:  5    XL:     7   Next: 65%
Magic:  4/13       EV: 13    Int: 22    God:    Sif Muna [......]
Gold:   260        SH:  0    Dex: 15    Spells: 4 memorised, 2 levels left

rFire  . . .     SeeInvis .     j - +0 mace
rCold  + . .     Gourm    .     a - +0 robe
rNeg   . . .     Faith    .     (no shield)
rPois  .         Spirit   .     (no helmet)
rElec  .         Reflect  .     (no cloak)
rCorr  .         Harm     .     (no gloves)
MR     .....                    e - +2 pair of boots
Stlth  ++........               (no amulet)
                                (no ring)
                                A - ring of protection from cold

@: icy armour, very slightly contaminated, slow
A: no striking features
a: Renounce Religion


You were on level 5 of the Dungeon.
You worshipped Sif Muna.
Sif Muna was noncommittal.
You were hungry.

You visited 2 branches of the dungeon, and saw 6 of its levels.
You also visited: Sewer.

You collected 260 gold pieces.

Inventory:

Hand Weapons
 j - a +0 mace (weapon)
Armour
 a - a +0 robe (worn)
 e - a +2 pair of boots (worn)
Jewellery
 w - a cursed amulet of inaccuracy
 y - an uncursed ring of protection from magic {unknown}
 A - a ring of protection from cold (left hand)
 F - a cursed amulet of inaccuracy
Wands
 t - a wand of paralysis (8/24)
Scrolls
 h - a scroll of noise {unknown}
 n - a scroll of magic mapping {unknown}
 o - a scroll of remove curse {unknown}
 p - a scroll of identify
 q - a scroll of fog {unknown}
 s - a scroll of teleportation {unknown}
 u - 2 scrolls of random uselessness {unknown}
 v - 2 scrolls of immolation
 C - a scroll of enchant armour {unknown}
 G - a scroll of blinking {unknown}
Potions
 d - a potion of curing {unknown}
 f - a potion of invisibility {unknown}
 i - 3 potions of flight {unknown}
 l - 2 potions of might {unknown}
 m - a potion of heal wounds {unknown}
 r - a potion of haste {unknown}
 z - a potion of cancellation {unknown}
 B - a potion of lignification {unknown}
 D - a potion of agility {unknown}
 E - a potion of berserk rage {unknown}
Books
 b - a book of Frost

   Spells                             Type                      Level
   a - Freeze                         Ice                          1
   b - Throw Frost                    Conjuration/Ice              2
   c - Ozocubu's Armour               Charms/Ice                   3
   d - Throw Icicle                   Conjuration/Ice              4
   e - Summon Ice Beast               Ice/Summoning                4
Comestibles
 c - 5 bread rations
 g - 2 meat rations
 k - a beef jerky


   Skills:
 - Level 2.5 Dodging
 - Level 2.6 Stealth
 - Level 3.0 Spellcasting
 * Level 5.1 Conjurations
 + Level 5.3 Charms
 * Level 7.3 Ice Magic


You had 2 spell levels left.
You knew the following spells:

 Your Spells              Type           Power        Failure   Level  Hunger
a - Freeze                Ice            ####         1%          1    None
b - Throw Frost           Conj/Ice       ####..       1%          2    ##.....
c - Ozocubu's Armour      Chrm/Ice       ####....     2%          3    ###....
d - Throw Icicle          Conj/Ice       ####....     12%         4    ####...


Dungeon Overview and Level Annotations

Branches:
Dungeon (5/15)             Temple (1/1) D:4

Altars:
Ashenzari
Cheibriados
Elyvilon
Fedhas
Gozag
Hepliaklqana
Kikubaaqudgha
Makhleb
Nemelex Xobeh
Okawaru
Sif Muna
Trog
Uskayaw
Xom
Yredelemnul
Zin
The Shining One

Annotations:
D:3 3 exclusions
D:5 Menkaure


Message History

Menkaure misses you. Menkaure hits you but does no damage.
You hit Menkaure but do no damage.
Menkaure is moderately damaged.
Menkaure barely misses you.
You hit Menkaure but do no damage.
Menkaure is moderately damaged.
Menkaure closely misses you.
Menkaure calls on the powers of darkness!
Your body is wracked with pain!
Unknown command.
Unknown command.
Casting: Ozocubu's Armour
Confirm with . or Enter, or press ? or * to list all spells.
Aiming: Throw Icicle
Press: ? - help, Shift-Dir - straight line, f - Menkaure
Aim: Menkaure (moderately damaged, fast)
You miscast Throw Icicle.
You are very lightly contaminated with residual magic.
Your skin tingles.
Menkaure hits you!
You die...

#.......'.. #.......#..
#.......#.. #########.......#..
##.......###+#####..
.............(..... ##
#..................
#.......##.M................
######.......##.@.# #....##.#
.#...##......###'##############.#
......#............#............#
......#............#............'
......#............#............#
......#............#............#
###...#.....^......#............#
####.##.##...##...##...##........
^###.#####...####'##...##########


You could see Menkaure.

Vanquished Creatures
  An ice beast (D:5)
  3 ogres
  A crocodile (Sewer)
  The ghost of blastoid the Ducker, a weakling TrFi (D:3)
  A jelly (D:5)
  An orc wizard (D:3)
  3 worker ants
  10 adders
  2 oozes
  3 adder skeletons
  5 worms
  A dart slug (D:2)
  5 leopard geckos
  7 orcs
  7 giant cockroaches
  6 goblins
  9 hobgoblins
  7 jackals
  A quokka (D:2)
  2 ball pythons
  13 bats
  4 frilled lizards
  5 kobolds
  9 rats
  A spectral orc (D:5)
108 creatures vanquished.

Notes
Turn   | Place    | Note
-------+----------+-------------------------------------------
     0 | D:1      | protoss039 the Deep Elf Ice Elementalist began the quest for the Orb.
     0 | D:1      | Reached XP level 1. HP: 10/10 MP: 6/6
   347 | D:1      | Reached XP level 2. HP: 15/15 MP: 5/8
   354 | D:1      | Learned a level 2 spell: Throw Frost
   547 | D:1      | Reached skill level 4 in Ice Magic
  1210 | D:2      | Reached XP level 3. HP: 19/19 MP: 2/9
  1215 | D:2      | Learned a level 3 spell: Ozocubu's Armour
  1232 | D:2      | Found a glowing silver altar of Zin.
  1487 | D:2      | Found a snail-covered altar of Cheibriados.
  1578 | D:2      | Reached skill level 5 in Ice Magic
  1703 | D:2      | Found a sparkling altar of Nemelex Xobeh.
  1781 | D:3      | Reached XP level 4. HP: 24/24 MP: 2/10
  1886 | D:3      | Found an iron altar of Okawaru.
  2101 | D:3      | Reached skill level 6 in Ice Magic
  2179 | D:3      | Noticed blastoid's ghost (weakling TrFi)
  2191 | D:3      | Killed blastoid's ghost
  2191 | D:3      | Reached skill level 1 in Charms
  2191 | D:3      | Reached XP level 5. HP: 14/28 MP: 0/11
  2945 | D:3      | Found a hide-covered altar of Uskayaw.
  2946 | D:3      | Noticed a dagger
  2946 | D:3      | Noticed a hand axe
  3016 | D:4      | Noticed an ogre
  3371 | D:4      | Found a staircase to the Ecumenical Temple.
  3371 | D:4      | Noticed an ogre
  3419 | D:4      | Killed an ogre
  3419 | D:4      | Reached XP level 6. HP: 32/32 MP: 0/12
  3690 | Temple   | Entered the Ecumenical Temple
  3828 | Temple   | Became a worshipper of Sif Muna the Loreminder
  3948 | D:4      | Learned a level 4 spell: Throw Icicle
  4109 | D:4      | Found a shimmering altar of Xom.
  4109 | D:4      | Found an opulent altar of Gozag.
  4268 | D:5      | Entered Level 5 of the Dungeon
  4277 | D:5      | Reached XP level 7. HP: 36/36 MP: 2/13
  4322 | D:5      | Found a glowing drain.
  4390 | Sewer    | Entered a sewer
  4461 | Sewer    | Reached skill level 7 in Ice Magic
  4844 | D:5      | Reached skill level 5 in Charms
  5004 | D:5      | Reached skill level 5 in Conjurations
  5210 | D:5      | Found a basalt altar of Yredelemnul.
  5331 | D:5      | Noticed Menkaure
  5342 | D:5      | Slain by Menkaure

Skill      XL: |  1  2  3  4  5  6  7 |
---------------+----------------------+-----
Ice Magic      | 4 5 6 7 |  7.3
Charms         | 1 3 4 5 |  5.3
Conjurations   | 3 4 5 |  5.1
Dodging        | |  2.5
Stealth        | |  2.6
Spellcasting   | |  3.0

Action                   |  1- 3 |  4- 6 |  7- 9 || total
-------------------------+-------+-------+-------++-------
Melee: Club              |     7 |       |       ||     7
       Mace              |    21 |    21 |    38 ||    80
 Cast: Freeze            |    31 |    48 |    16 ||    95
       Throw Frost       |    24 |    57 |    21 ||   102
       Ozocubu's Armour  |     2 |     5 |     4 ||    11
       Throw Icicle      |       |     3 |     8 ||    11
  Use: Scroll            |       |       |     3 ||     3
 Stab: Distracted        |       |     1 |       ||     1
  Eat: Chunk             |     4 |    10 |     6 ||    20
Armor: Robe              |    14 |    21 |    30 ||    65
Dodge: Dodged            |    31 |    48 |    60 ||   139
